 Dungeon Crawl Stone Soup version 0.30-a0-743-gbfdf073431 (webtiles) character file.

Game seed: 9545530444800301677

9 Monkooky the Sneak (level 2, 0/28 HPs)
             Began as a Naga Delver on Feb 7, 2023.
             Was an Initiate of Cheibriados.
             Slain by a water moccasin zombie (6 damage)
             ... in an ossuary.
             The game lasted 00:01:27 (138 turns).

Monkooky the Sneak (Naga Delver)                     Turns: 138, Time: 00:01:27

Health: 0/28       AC:  2    Str: 21    XL:     2   Next: 12%
Magic:  2/2        EV:  9    Int: 11    God:    Cheibriados [......]
Gold:   0          SH:  0    Dex: 13    Spells: 1/1 levels left

rFire   . . .      SeeInvis +    a - +0 short sword
rCold   . . .      Faith    .    (no shield)
rNeg    . . .      Spirit   .    b - +0 leather armour
rPois   +          Reflect  .    (no helmet)
rElec   .          Harm     .    (no cloak)
rCorr   .          Rampage  .    (no gloves)
Will    .....                    (no barding)
Stlth   +++                      (no amulet)
HPRegen 0.24/turn                d - +6 ring of strength
MPRegen 0.08/turn                (no ring)

@: very slow
A: AC +0, large, see invisible, deformed body, poison resistance, slowness 2,
spit poison 1, naga tail 1
a: Spit Poison, Renounce Religion


You were in an ossuary.
You worshipped Cheibriados.
Cheibriados was noncommittal.
You visited 1 branch of the dungeon, and saw 1 of its levels.
You also visited: Ossuary.

Inventory:

Hand Weapons
 a - a +0 short sword (weapon)
Armour
 b - a +0 leather armour (worn)
 h - a +0 ring mail
Jewellery
 d - a +6 ring of strength (left hand)
Wands
 g - a wand of digging (3)
Scrolls
 c - a scroll of fog
 e - a scroll of fear
Potions
 f - a potion of haste


   Skills:
 - Level 3.0 Fighting
 + Level 2.8 Short Blades
 - Level 1.5 Dodging
 - Level 7.2 Stealth


You had one spell level left.
You didn't know any spells.
Your spell library was empty.

Dungeon Overview and Level Annotations

Branches:
Dungeon (5/15)            Ossuary (1/1)
 Temple: D:4-7

Altars:
Cheibriados


Innate Abilities, Weirdness & Mutations

Your serpentine skin is tough. (AC +0)
You have supernaturally acute eyesight. (SInv)
Armour fits poorly on your strangely shaped body.
Your system is resistant to poisons. (rPois)
You cover ground very slowly.
You can spit poison.
You have a snake-like lower body.


Message History

The orc zombie hits you but does no damage.
You have reached level 2!
The hobgoblin zombie attacks as you move away!
The hobgoblin zombie hits you but does no damage.
The water moccasin zombie bites you.
You barely miss the water moccasin zombie.
The water moccasin zombie bites you!
Okay, then.
Okay, then.
You can't see any enemies this would affect, really read the scroll of fear?
Okay, then.
Unknown command.
You hit the water moccasin zombie.
The water moccasin zombie is lightly damaged.
The water moccasin zombie bites you but does no damage.
You hit the water moccasin zombie.
The water moccasin zombie is lightly damaged.
The water moccasin zombie bites you but does no damage.
You hit the water moccasin zombie.
The water moccasin zombie is moderately damaged.
The water moccasin zombie bites you.
The water moccasin zombie closely misses you.
The water moccasin zombie barely misses you.
The hobgoblin zombie attacks as you move away!
The hobgoblin zombie hits you.
The water moccasin zombie bites you but does no damage.
The hobgoblin zombie hits you but does no damage.
The hobgoblin zombie attacks as you move away!
The hobgoblin zombie hits you but does no damage.
The water moccasin zombie attacks as you move away!
The water moccasin zombie barely misses you.
The water moccasin zombie bites you but does no damage.
The water moccasin zombie closely misses you.
There is an open door here.
The water moccasin zombie bites you.
The water moccasin zombie barely misses you.
The water moccasin zombie bites you.
* * * LOW HITPOINT WARNING * * *
The water moccasin zombie bites you.
You die...

##'## #...#
#...# #...#
#ZZ.# ##Z##
#...# ###
#####ZZ.#
#!!!!#...#.@.#
+!$?!#.∩.'...#
#?!!!#...#..∩#
### #########


You could see 2 water moccasin zombies, 2 hobgoblin zombies and an orc zombie.

Vanquished Creatures
  An adder zombie (Ossuary)
  A dart slug (D:5)
  A gnoll zombie (Ossuary)
  A hobgoblin zombie (Ossuary)
  An orc zombie (Ossuary)
5 creatures vanquished.

Notes
Turn   | Place    | Note
-------+----------+-------------------------------------------
     0 | D:5      | Monkooky the Naga Delver began the quest for the Orb.
     0 | D:5      | Reached XP level 1. HP: 21/21 MP: 1/1
    17 | D:5      | Found a snail-covered altar of Cheibriados.
    26 | D:5      | Became a worshipper of Cheibriados the Contemplative
    86 | D:5      | Found a sand-covered staircase.
   103 | Ossuary  | Entered an ossuary
   123 | Ossuary  | Noticed a water moccasin zombie
   123 | Ossuary  | Noticed a water moccasin zombie
   127 | Ossuary  | Reached XP level 2. HP: 26/28 MP: 2/2
   138 | Ossuary  | Slain by a water moccasin zombie

Illustrated notes

Levels and vault maps discovered:
D:5:      layout_gridville, kennysheep_slug_shrine, enter_ossuary_1,
          kennysheep_opposing_triangles, uniq_blork_the_orc
Ossuary:  ossuary_tomb_2

Action                     || total
---------------------------++-------
  Melee: Short sword       ||    11
Ability: Spit Poison       ||     1
    Use: Scroll            ||     1
   Stab: Sleeping          ||     3
 Armour: Leather armour    ||     9
  Dodge: Dodged            ||     6

Table legend: (Time is in decaauts)
 A = Elapsed time spent in this place.
 B = Non-inter-level travel time spent in this place.
 C = Inter-level travel time spent in this place.
 D = Time resting spent in this place.
 E = Time spent auto-exploring this place.
 F = Levels seen in this place.
 G = Mean time per level.
                   A        B        C        D        E       F      G
               +--------+--------+--------+--------+--------+-----+--------+
         Total |    215 |    215 |      0 |      0 |      0 |   2 |  107.5 |
       Dungeon |    166 |    166 |      0 |      0 |      0 |   1 |  166.0 |
       Ossuary |     48 |     48 |      0 |      0 |      0 |   1 |   48.0 |
               +--------+--------+--------+--------+--------+-----+--------+

Top non-repeatable levels by time:
     D:5: 166 daAuts
 Ossuary: 48 daAuts
